Map: 暮色之塔

Players

shengy

  • Race: Zerg Zerg
  • League: Platinum

Seus - Winner!

  • Race: Terran Terran
  • League: Platinum

VOD

Have the link to the VOD?

Description

Time

  • Played on: Dec. 27, 2015, 7:20 p.m.
  • Length: 12:48
Show
View Real Time Build Order
Export as new Build Order

shengy Zerg 

Build Orders: Hatch First 

Get SALT Encoding   

  12  0:00  Drone  
  13  0:08  Drone  
  14  0:17  Overlord  
  14  0:37  Drone x3  
  17  0:48  Drone  
  18  0:59  Hatchery  
  18  1:03  Drone  
  18  1:14  Spawning Pool  
  18  1:18  Drone  
  18  1:19  Extractor  
  18  1:23  Drone  
  18  1:30  Drone  
  19  1:42  Drone  
  20  2:00  Queen  
  22  2:07  Zergling x2  
  22  2:10  Zergling x2  
  22  2:12  Overlord  
  23  2:16  Queen  
  23  2:20  Zergling x2  
  23  2:21  Metabolic Boost  
  26  2:29  Spine Crawler  
  25  2:51  Drone x5  
  28  2:52  Drone  
  28  2:55  Queen  
  33  3:03  Drone x2  
  35  3:10  Drone  
  35  3:12  Overlord  
  36  3:32  Drone x2  
  36  3:33  Roach Warren, Drone  
  36  3:34  Extractor  
  37  3:37  Overlord  
  37  3:38  Drone x2  
  37  3:39  Drone  
  40  3:46  Overlord  
  40  3:49  Overlord  
  40  3:55  Lair  
  40  4:11  Drone x4  
  40  4:12  Drone x3  
  47  4:24  Roach x4  
  55  4:28  Roach  
  57  4:40  Drone x2  
  57  4:42  Extractor  
  57  4:43  Extractor, Overlord x2  
  57  4:44  Overlord  
  57  4:47  Overlord  
  57  4:53  Drone x2  
  57  4:57  Glial Reconstitution  
  58  5:03  Evolution Chamber  
  57  5:07  Evolution Chamber  
  56  5:16  Drone x3  
  56  5:17  Spire  
  56  5:20  Spore Crawler x2  
  54  5:28  Spore Crawler  
  54  5:31  Drone x4  
  54  5:34  Drone  
  58  5:56  Ravager x5  
  63  6:05  Roach x6  
  63  6:07  Overlord  
  63  6:08  Overlord  
  75  6:14  Overlord x2  
  75  6:33  Drone x4  
  75  6:34  Drone  
  80  6:47  Extractor  
  80  6:48  Hatchery  
  80  6:49  Overseer  
  80  6:51  Extractor  
  80  6:53  Drone x6  
  83  7:01  Zerg Missile Weapons Level 1, Zerg Ground Armor Level 1  
  83  7:03  Drone x3  
  86  7:28  Corruptor x2, Overlord  
  86  7:29  Corruptor x2  
  94  7:52  Roach  
  94  7:53  Roach x6  
  101  8:16  Drone  
  101  8:17  Drone x7  
  99  8:53  Corruptor x2  
  99  8:54  Corruptor x4  
  111  9:05  Overseer x2  
  111  9:22  Queen  
  113  9:24  Drone  
  113  9:26  Overlord  
  113  9:27  Overlord x2  
  114  9:38  Overlord x3  
  114  9:40  Hatchery  
  114  9:44  Queen  
  117  9:53  Roach x6  
  104  10:10  Spine Crawler  
  89  10:24  Drone  
  89  10:25  Drone x5  
  91  10:30  Baneling Nest  
  91  10:31  Roach x5  
  100  10:39  Infestation Pit  
  100  10:41  Spine Crawler  
  98  11:06  Zergling x2  
  98  11:07  Zergling x26  
  112  11:21  Hive  
  112  11:22  Overlord  
  112  11:26  Drone  
  112  11:27  Drone x4  
  114  11:50  Mutalisk  
  114  11:51  Roach x8  
  132  12:07  Extractor  
  131  12:08  Extractor  
  130  12:25  Baneling x10  
  130  12:28  Roach  
  112  12:44  Hatchery  
Show
View Real Time Build Order
Export as new Build Order

Seus Terran - Winner!

Build Orders: Reaper Expand 

Get SALT Encoding   

  12  0:00  SCV  
  13  0:13  SCV  
  14  0:18  Supply Depot  
  14  0:25  SCV  
  15  0:39  SCV  
  15  0:40  Barracks  
  16  0:44  Refinery  
  16  0:51  SCV  
  17  1:03  SCV  
  18  1:15  SCV  
  19  1:27  Orbital Command  
  19  1:29  Reaper  
  20  1:43  Command Center  
  20  1:57  SCV  
  20  2:00  Marine  
  22  2:19  Supply Depot  
  22  2:23  Factory  
  22  2:27  Barracks Reactor  
  22  2:30  SCV  
  23  2:43  SCV  
  24  3:04  SCV  
  26  3:06  Orbital Command  
  25  3:21  Barracks Reactor  
  25  3:23  Starport  
  24  3:39  Hellion  
  24  3:40  Hellion  
  28  3:49  SCV x2  
  28  3:53  Refinery  
  30  4:01  SCV  
  31  4:07  Liberator, Hellion x2  
  35  4:12  Command Center  
  35  4:17  SCV x2  
  35  4:21  Refinery  
  37  4:24  Supply Depot  
  37  4:28  Liberator  
  37  4:29  SCV x2  
  42  4:32  Hellion x2  
  42  4:38  Supply Depot x2  
  46  4:49  SCV x2  
  51  4:53  Hellion  
  55  5:00  Hellion  
  55  5:01  SCV x2  
  57  5:07  Barracks Tech Lab  
  57  5:14  SCV x2  
  59  5:26  SCV x2  
  59  5:38  Orbital Command, SCV x2  
  61  5:45  Refinery  
  61  5:51  Engineering Bay  
  61  5:53  Engineering Bay  
  54  6:29  Hellion x2  
  54  6:31  Medivac x2  
  62  6:53  Stimpack  
  62  6:55  Barracks x3  
  62  6:56  Barracks  
  62  6:59  Widow Mine x2  
  66  7:03  Liberator x2  
  73  7:22  SCV  
  73  7:23  SCV  
  73  7:24  Terran Infantry Armor Level 1  
  73  7:27  Terran Infantry Weapons Level 1  
  74  7:30  Armory  
  72  7:48  Marine x5  
  73  8:06  Marine  
  69  8:33  Marine  
  71  8:36  Marine  
  71  8:41  Barracks Reactor x3  
  69  8:54  Marine  
  70  8:59  Marine  
  70  9:00  Widow Mine x2  
  75  9:04  Medivac  
  75  9:05  Medivac  
  79  9:12  Marine  
  79  9:14  Orbital Command  
  79  9:16  Command Center, Starport  
  79  9:17  Marine, Command Center  
  80  9:23  Marine  
  80  9:24  Marine x3  
  82  9:27  Terran Infantry Weapons Level 2  
  82  9:28  Terran Infantry Armor Level 2  
  85  9:47  Marine  
  85  9:50  Supply Depot x2  
  85  9:51  Supply Depot x2  
  85  10:01  Marine x7  
  85  10:03  Widow Mine, Medivac  
  85  10:04  Widow Mine, Medivac  
  85  10:05  Marine  
  69  10:19  Marine  
  70  10:25  Marine x7  
  77  10:29  Liberator x2  
  77  10:32  Barracks  
  77  10:33  Barracks  
  77  10:37  Marine  
  78  10:42  Marine  
  78  10:43  Marine x6  
  78  10:44  Widow Mine x2  
  95  10:50  Starport Reactor  
  95  10:55  Marine  
  96  11:00  Marine  
  96  11:01  Marine  
  98  11:07  Marine x3  
  98  11:08  Marine  
  98  11:09  Barracks Tech Lab  
  98  11:11  Combat Shields  
  102  11:13  Marine  
  102  11:16  Planetary Fortress  
  102  11:17  Planetary Fortress  
  103  11:18  Marine  
  103  11:19  Marine  
  103  11:25  SCV, Marine x3  
  106  11:26  SCV x2, Marine  
  106  11:32  Liberator x4  
  112  11:38  SCV x3  
  113  11:44  Marine x2  
  113  11:45  Marine x4  
  113  11:46  Marine x2  
  123  11:47  Widow Mine x2  
  139  11:55  Ghost Academy  
  139  11:56  Barracks Tech Lab  
  139  11:57  Barracks Tech Lab  
  137  12:02  Marine x3  
  137  12:03  Marine x3  
  137  12:08  SCV x3  
  146  12:20  SCV  
  147  12:36  Supply Depot x2  
  147  12:37  Supply Depot  
Tags
 
Add a new tag
Caveats
  • Supply blocks, unpowered buildings, or Contaminate may cause inaccurate times.
  • Supply counts are checked every 10 seconds.